 Dungeon Crawl Stone Soup version 0.17-a0-2098-gf59d6bc (webtiles) character file.

69 knightlybrigand the Grave Robber (level 4, 0/30 HPs)
             Began as a Mummy Necromancer on Oct 17, 2015.
             Slain by an adder (2 damage)
             ... on level 2 of the Dungeon.
             The game lasted 00:09:51 (1878 turns).

knightlybrigand the Grave Robber (MuNe)             Turns: 1878, Time: 00:09:52

Health: 0/30       AC:  2    Str: 11    XL:     4   Next: 2%
Magic:  0/8        EV: 12    Int: 15    God:
Gold:   105        SH:  0    Dex: 12    Spells: 3 memorised, 4 levels left

rFire  x . .     SeeInvis .     f - +1 mace
rCold  + . .     Clarity  .     a - +0 robe
rNeg   + + +     SustAt   .     (no shield)
rPois  ∞         Gourm    .     (no helmet)
rElec  .         Spirit   .     (no cloak)
rCorr  .         Warding  .     (no gloves)
rMut   .         Stasis   .     (no boots)
MR     .....                    (no amulet)
Stlth  ++........               (no ring)
                                (no ring)

@: not resistant to hostile enchantments, unstealthy
A: no food or potions, fire vulnerability, cold resistance 1, negative energy
resistance 3, torment resistance, unbreathing
a: no special abilities


You were on level 2 of the Dungeon.
You were not hungry.

You visited 1 branch of the dungeon, and saw 3 of its levels.

You collected 105 gold pieces.

Inventory:

Hand Weapons
 f - a +1 mace (weapon)
Armour
 a - a +0 robe (worn)
Wands
 e - a wand of digging (10)
Scrolls
 c - 2 scrolls of identify
 d - a scroll of enchant armour
 g - a scroll of remove curse {unknown}
 h - a scroll of teleportation
Books
 b - a book of Necromancy

   Spells                             Type                      Level
   a - Pain                           Necromancy                   1
   b - Animate Skeleton               Necromancy                   1
   c - Vampiric Draining              Necromancy                   3
   d - Regeneration                   Charms/Necromancy            3
   e - Animate Dead                   Necromancy                   4
   f - Control Undead                 Necromancy                   4


   Skills:
 - Level 1.5 Dodging
 - Level 1.5 Stealth
 - Level 3.0 Spellcasting
 * Level 5.0 Necromancy


You had 4 spell levels left.
You knew the following spells:

 Your Spells              Type           Power        Failure   Level  Hunger
a - Pain                  Necr           ###.         2%          1    N/A
b - Animate Skeleton      Necr           N/A          2%          1    N/A
c - Vampiric Draining     Necr           ###.......   10%         3    N/A

Dungeon Overview and Level Annotations

Branches:
Dungeon (3/15)

Altars:

Annotations:
D:3 PeterLawrence's ghost, amateur GrFi


Innate Abilities, Weirdness & Mutations

You do not eat or drink.
Your flesh is vulnerable to fire.
You are immune to poison.
Your flesh is cold resistant.
You are immune to negative energy.
You are immune to unholy pain and torment.
You can survive without breathing.


Message History

Casting: Pain
Confirm with . or Enter, or press ? or * to list all spells.
Aiming: Pain
Press: ? - help, Shift-Dir - straight line, f/p - adder
Aim: an adder (heavily wounded, chance to defeat MR: 82%)
The adder convulses in agony!
The adder closely misses you. The adder barely misses you.
Your magical contamination has completely faded away.
The adder bites you.
* * * LOW HITPOINT WARNING * * *
Casting: Pain
Confirm with . or Enter, or press ? or * to list all spells.
Aiming: Pain
Press: ? - help, Shift-Dir - straight line, f/p - adder
Aim: an adder (severely wounded, chance to defeat MR: 82%)
The adder convulses in agony!
The adder bites you but does no damage.
You barely miss the adder.
The adder is severely wounded.
The adder bites you.
You die...

### ####### #.. #.....# ####..
#.....# #.....
#.....################ #.....
................@S...#### #.....
.......#############....# ####..
#...................###.# #..
#.....##........###..(..##### #.#
..#############..###........###.#
..# #.....###.........##........
..# ##.........#...#..##.......#.
..###......####..................
#.#........# #......##..........


You could see an adder.

Vanquished Creatures
  2 adders (D:2)
  An ooze (D:2)
  3 giant geckos
  An orc (D:3)
  2 ball pythons (D:1)
  3 giant cockroaches (D:2)
  7 goblins
  4 hobgoblins
  3 kobolds
  5 bats
  2 giant newts
  4 jackals
  7 rats
44 creatures vanquished.

Notes
Turn   | Place    | Note
--------------------------------------------------------------
     0 | D:1      | knightlybrigand the Mummy Necromancer began the quest for the Orb.
     0 | D:1      | Reached XP level 1. HP: 13/13 MP: 3/3
   147 | D:1      | Reached XP level 2. HP: 17/19 MP: 0/5
   200 | D:1      | Learned a level 1 spell: Animate Skeleton
   934 | D:2      | Reached XP level 3. HP: 24/24 MP: 4/7
  1163 | D:2      | Learned a level 3 spell: Vampiric Draining
  1657 | D:3      | Noticed PeterLawrence's ghost (amateur GrFi)
  1827 | D:3      | Noticed a sky beast
  1848 | D:2      | Reached skill level 5 in Necromancy
  1848 | D:2      | Reached XP level 4. HP: 11/30 MP: 1/8
  1878 | D:2      | Slain by an adder

Vault maps used:
D:1:      lemuel_arrival_behind_the_door_small, st_stairs_9,
          grunt_decor_mini_mirrors, glass_columns_c
D:2:      grunt_decor_clamped

Action                   |  1- 3 |  4- 6 || total
-------------------------+-------+-------++-------
Melee: Mace              |    11 |     2 ||    13
 Cast: Pain              |    79 |     5 ||    84
       Animate Skeleton  |    15 |       ||    15
  Use: Scroll            |     6 |       ||     6
